 Dungeon Crawl Stone Soup version 0.23.1 (webtiles) character file.

Game seed: 0

9310 Omnicron the Thaumaturge (level 11, 0/81 HPs)
             Began as a Gnoll Wizard on Mar 15, 2019.
             Was a Believer of Ashenzari.
             Slain by a blink frog (9 damage)
             ... on level 1 of the Lair of Beasts on Mar 16, 2019.
             The game lasted 01:52:17 (19634 turns).

Omnicron the Thaumaturge (Gnoll Wizard)            Turns: 19634, Time: 01:52:18

Health: 0/81       AC:  3    Str: 11    XL:     11   Next: 44%
Magic:  30/33      EV: 17    Int: 22    God:    Ashenzari [**....]
Gold:   450        SH:  0    Dex: 14    Spells: 18/29 levels left

rFire    + . .     SeeInvis .   W - +0 glaive
rCold    + . .     Gourm    .   (shield currently unavailable)
rNeg     . . .     Faith    .   a - +0 robe
rPois    +         Spirit   .   b - +0 hat
rElec    .         Reflect  .   I - scarf {rC+ rF+}
rCorr    .         Harm     .   (no gloves)
MR       .....                  e - +0 pair of boots
Stlth    ++++......             l - amulet of rage
HPRegen  0.23/turn              c - ring of magical power
MPRegen  0.23/turn              G - ring of poison resistance

@: no status effects
A: distributed training, fangs 1, strong nose
a: Curse Item, Scrying, Renounce Religion, Evoke Berserk Rage


You were on level 1 of the Lair of Beasts.
You worshipped Ashenzari.
Ashenzari was pleased with you.
You were very hungry.

You visited 3 branches of the dungeon, and saw 12 of its levels.
You also visited: Sewer.

You collected 450 gold pieces.

Inventory:

Hand Weapons
 j - a +0 short sword
 o - a +0 spear
 t - a +0 arbalest
 H - a cursed -1 dagger
 L - a +0 hand axe of freezing
 V - a +0 trident
 W - a +0 glaive (weapon)
 X - a +0 halberd
Missiles
 k - 367 stones (quivered)
 s - 152 sling bullets
 U - 46 bolts
Armour
 a - a +0 robe (worn)
 b - a +0 hat (worn)
 e - a +0 pair of boots (worn)
 I - a scarf of resistance (worn)
Magical Staves
 T - an uncursed staff of air
Jewellery
 c - a ring of magical power (left hand)
 l - an amulet of rage (around neck)
 v - an uncursed ring of flight
 G - a ring of poison resistance (right hand)
Wands
 w - a wand of digging (4)
 C - a wand of acid (10)
 K - a wand of paralysis (10)
 M - a wand of polymorph (5)
Scrolls
 g - 7 scrolls of identify
 m - 3 scrolls of fog {unknown}
 r - 7 scrolls of teleportation {unknown}
 x - 3 scrolls of amnesia {unknown}
 y - a scroll of blinking {unknown}
 D - 2 scrolls of magic mapping {unknown}
 E - a scroll of fear {unknown}
 F - a scroll of remove curse
 J - a scroll of immolation {unknown}
 O - a scroll of random uselessness {unknown}
 R - a scroll of enchant weapon {unknown}
 S - a scroll of noise {unknown}
Potions
 f - 2 potions of resistance
 h - 3 potions of heal wounds {unknown}
 i - 5 potions of lignification
 n - 2 potions of invisibility {unknown}
 p - 6 potions of curing
 q - a potion of cancellation {unknown}
 u - 2 potions of might
 z - a potion of ambrosia {unknown}
 A - 2 potions of magic {unknown}
 B - 3 potions of haste {unknown}
 N - a potion of degeneration {unknown}
 P - a potion of flight {unknown}
 Q - a potion of agility {unknown}
Comestibles
 d - 17 rations


   Skills:
 + Level 6.2 Fighting
 + Level 6.2 Short Blades
 + Level 6.2 Long Blades
 + Level 6.2 Axes
 + Level 6.2 Maces & Flails
 + Level 6.2 Polearms
 + Level 6.2 Staves
 + Level 6.2 Slings
 + Level 6.2 Bows
 + Level 6.2 Crossbows
 + Level 6.2 Throwing
 + Level 6.2 Armour
 + Level 7.8 Dodging
 + Level 7.5 Stealth
 + Level 6.2 Shields
 + Level 6.2 Unarmed Combat
 + Level 9.5 Spellcasting
 + Level 5.6 Conjurations
 + Level 5.1 Hexes
 + Level 5.1 Charms
 + Level 5.6 Summonings
 + Level 5.1 Necromancy
 + Level 5.6 Translocations
 + Level 5.1 Transmutations
 + Level 5.1 Fire Magic
 + Level 5.1 Ice Magic
 + Level 5.1 Air Magic
 + Level 5.1 Earth Magic
 + Level 5.1 Poison Magic
 + Level 6.8 Invocations
 + Level 6.2 Evocations


You had 18 spell levels left.
You knew the following spells:

 Your Spells              Type           Power        Failure   Level  Hunger
a - Magic Dart            Conj           ####         1%          1    None
b - Call Imp              Summ           #####...     1%          2    None
c - Conjure Flame         Conj/Fire      ####....     1%          3    None
d - Blink                 Tloc           N/A          1%          2    None
e - Mephitic Cloud        Conj/Pois/Air  ####....     2%          3    None

Your spell library contained the following spells:

 Spells                   Type           Power        Failure   Level  Hunger
 Slow                     Hex            ####....     1%          2    None


Dungeon Overview and Level Annotations

Branches:
Dungeon (10/15)            Temple (1/1) D:4            Lair (1/6) D:10
    Orc (0/2) D:10

Altars:
Ashenzari
Cheibriados
Dithmenos
Elyvilon
Fedhas
Gozag
Hepliaklqana
Kikubaaqudgha
Makhleb
Nemelex Xobeh
Okawaru
Qazlal
Ru
Sif Muna
Trog
Uskayaw
Vehumet
Wu Jian
Xom
Yredelemnul
Zin
The Shining One

Annotations:
D:2 exclusion: 2 downstairs


Innate Abilities, Weirdness & Mutations

Your experience applies equally to all skills.
You have very sharp teeth.
Your uncanny sense of smell can sniff out nearby items.


Message History

Attack whom?
Press: ? - help, Dir - move target cursor, f/p - porcupine
Aim: a porcupine (heavily wounded)
You slash the porcupine!
You kill the porcupine!
The blink frog blinks!
The blink frog misses you.
Attack whom?
Press: ? - help, Dir - move target cursor, f - blink frog
Aim: a blink frog You closely miss the blink frog.
The blink frog completely misses you.
The blink frog blinks!
The blink frog barely misses you.
Attack whom?
Press: ? - help, Dir - move target cursor, f/p - blink frog
Aim: a blink frog You reach to attack!
You closely miss the blink frog. The blink frog hits you!!
* * * LOW HITPOINT WARNING * * *
The blink frog completely misses you. x2
You closely miss the blink frog. The blink frog closely misses you.
The blink frog misses you. The blink frog hits you!
You die...

,
##........##
. *
##.......# #.
* #......##
*#.####....##
#>.##..###
*#..##.# **
#...## *
#..F.# * * ,
####@## * .,
, ##F####....
, *
##FF...... ,
##.....≈. , ,
....§.≈ *
,....... *
,....... ∩ ∆
....#..,, ,
..... ., ,


You could see 4 blink frogs.

Vanquished Creatures
  An unseen horror (D:10)
  A spiny frog (Lair:1)
  5 orange demons (D:10)
  A red devil (D:10)
  2 hippogriffs
  A spriggan (D:7)
  8 yaks
  A porcupine (Lair:1)
  3 black bears
  A hornet zombie (D:10)
  An eye of draining (D:8)
  3 ice beasts
  7 orc warriors
  A necrophage (D:6)
  3 phantoms
  3 ogres
  A centaur (D:10)
  4 big kobolds
  A bullfrog (D:10)
  2 scorpions
  A water moccasin skeleton (D:10)
  A howler monkey (D:7)
  12 wights
  2 crimson imps
  9 hounds
  5 jellies
  6 orc wizards
  4 bullfrog zombies
  3 orc priests
  Natasha (D:4)
  3 bullfrog skeletons
  2 iguanas
  9 worker ants
  A hound skeleton (D:4)
  A howler monkey zombie (D:8)
  A worker ant zombie (D:8)
  11 gnolls
  9 adders
  A river rat (Sewer)
  5 shadow imps
  An ooze (D:4)
  2 adder skeletons (D:7)
  An adder zombie (D:8)
  A worm (D:4)
  A dart slug (D:2)
  6 leopard geckos
  17 orcs
  4 bats
  2 giant cockroaches
  10 hobgoblins
  7 jackals
  17 kobolds
  4 quokkas
  7 ball pythons (Sewer)
  5 frilled lizards
  13 goblins
  2 quokka skeletons
  A quokka zombie (D:5)
  16 rats
254 creatures vanquished.

Vanquished Creatures (collateral kills)
  A red devil (D:10)
  Grinder (D:3)
  A hippogriff (D:8)
  An ogre (D:5)
  2 centaurs
  A bullfrog (Lair:1)
  2 orc wizards
  Jessica (D:3)
  Natasha (twice) (D:4)
  6 adders (D:2)
  A river rat (Sewer)
  An adder skeleton (D:4)
  3 worms (D:6)
  3 dart slugs (D:2)
  A leopard gecko (D:6)
  2 orcs (D:9)
  A ball python (Sewer)
  A goblin (D:2)
  A hobgoblin (D:2)
  6 jackals
  A quokka (D:3)
39 creatures vanquished.

Grand Total: 293 creatures vanquished

Notes
Turn   | Place    | Note
-------+----------+-------------------------------------------
     0 | D:1      | Omnicron the Gnoll Wizard began the quest for the Orb.
     0 | D:1      | Reached XP level 1. HP: 13/13 MP: 8/8
   192 | D:1      | Reached XP level 2. HP: 19/19 MP: 1/10
   346 | D:1      | Learned a level 2 spell: Call Imp
   611 | D:1      | Reached XP level 3. HP: 25/25 MP: 5/11
  1154 | D:2      | Reached skill level 1 in Invocations
  1427 | D:2      | Reached skill level 1 in Fighting
  1427 | D:2      | Reached skill level 1 in Short Blades
  1427 | D:2      | Reached skill level 1 in Long Blades
  1427 | D:2      | Reached skill level 1 in Axes
  1427 | D:2      | Reached skill level 1 in Maces & Flails
  1427 | D:2      | Reached skill level 1 in Polearms
  1427 | D:2      | Reached skill level 1 in Staves
  1427 | D:2      | Reached skill level 1 in Slings
  1427 | D:2      | Reached skill level 1 in Bows
  1427 | D:2      | Reached skill level 1 in Crossbows
  1427 | D:2      | Reached skill level 1 in Throwing
  1427 | D:2      | Reached skill level 1 in Armour
  1427 | D:2      | Reached skill level 1 in Shields
  1427 | D:2      | Reached skill level 1 in Unarmed Combat
  1427 | D:2      | Reached skill level 1 in Evocations
  1503 | D:2      | Reached XP level 4. HP: 32/32 MP: 4/13
  1962 | D:2      | Reached skill level 1 in Hexes
  1962 | D:2      | Reached skill level 1 in Charms
  1962 | D:2      | Reached skill level 1 in Necromancy
  1962 | D:2      | Reached skill level 1 in Transmutations
  1962 | D:2      | Reached skill level 1 in Fire Magic
  1962 | D:2      | Reached skill level 1 in Ice Magic
  1962 | D:2      | Reached skill level 1 in Air Magic
  1962 | D:2      | Reached skill level 1 in Earth Magic
  1962 | D:2      | Reached skill level 1 in Poison Magic
  2207 | D:2      | Found a stormy altar of Qazlal.
  2215 | D:2      | Reached XP level 5. HP: 29/37 MP: 9/14
  2449 | D:3      | Noticed Grinder
  2449 | D:3      | Paralysed by Grinder for 3 turns
  2526 | D:3      | Learned a level 3 spell: Conjure Flame
  2529 | D:3      | Learned a level 2 spell: Blink
  2533 | D:3      | Learned a level 3 spell: Mephitic Cloud
  2703 | D:3      | Killed Grinder
  2703 | D:3      | Reached XP level 6. HP: 32/44 MP: 9/16
  2973 | D:3      | You fall through a shaft!
  3046 | D:4      | Reached skill level 5 in Dodging
  3665 | D:3      | Noticed Jessica
  3676 | D:3      | Killed Jessica
  4184 | D:4      | Found a staircase to the Ecumenical Temple.
  4187 | D:4      | Noticed Natasha
  4192 | D:4      | Killed Natasha
  4192 | D:4      | Reached XP level 7. HP: 41/50 MP: 15/18
  4200 | Temple   | Entered the Ecumenical Temple
  4208 | Temple   | Became a worshipper of Ashenzari the Shackled
  4393 | D:4      | Noticed Natasha
  4414 | D:4      | Killed Natasha
  4464 | D:4      | Noticed Natasha
  4523 | D:4      | Killed Natasha
  4850 | D:5      | Entered Level 5 of the Dungeon
  5203 | D:5      | Found a glowing golden altar of the Shining One.
  5234 | D:5      | Reached skill level 5 in Stealth
  5300 | D:5      | Found a basalt altar of Yredelemnul.
  5301 | D:5      | Found a deep blue altar of Sif Muna.
  5309 | D:5      | Noticed a hippogriff
  5324 | D:5      | Killed a hippogriff
  5527 | D:5      | Reached XP level 8. HP: 57/57 MP: 8/19
  6079 | D:5      | Found a radiant altar of Vehumet.
  6243 | D:6      | Found a glowing drain.
  6295 | Sewer    | Entered a sewer
  8266 | D:6      | Reached skill level 8 in Spellcasting
  8473 | D:6      | Reached * piety under Ashenzari
  9599 | D:7      | Noticed a spriggan baker
  9611 | D:7      | Killed a spriggan baker
  9611 | D:7      | Reached XP level 9. HP: 56/64 MP: 11/21
 12144 | D:8      | Reached skill level 5 in Invocations
 12919 | D:8      | Reached XP level 10. HP: 72/72 MP: 12/22
 13443 | D:8      | Reached skill level 5 in Fighting
 13443 | D:8      | Reached skill level 5 in Short Blades
 13443 | D:8      | Reached skill level 5 in Long Blades
 13443 | D:8      | Reached skill level 5 in Axes
 13443 | D:8      | Reached skill level 5 in Maces & Flails
 13443 | D:8      | Reached skill level 5 in Polearms
 13443 | D:8      | Reached skill level 5 in Staves
 13443 | D:8      | Reached skill level 5 in Slings
 13443 | D:8      | Reached skill level 5 in Bows
 13443 | D:8      | Reached skill level 5 in Crossbows
 13443 | D:8      | Reached skill level 5 in Throwing
 13443 | D:8      | Reached skill level 5 in Armour
 13443 | D:8      | Reached skill level 5 in Shields
 13443 | D:8      | Reached skill level 5 in Unarmed Combat
 13443 | D:8      | Reached skill level 5 in Evocations
 15025 | D:9      | Reached skill level 9 in Spellcasting
 15654 | D:9      | Reached skill level 5 in Conjurations
 15654 | D:9      | Reached skill level 5 in Summonings
 15654 | D:9      | Reached skill level 5 in Translocations
 15763 | D:10     | Entered Level 10 of the Dungeon
 16276 | D:10     | Found a staircase to the Orcish Mines.
 16705 | D:10     | Reached ** piety under Ashenzari
 17201 | D:10     | Killed an unseen horror
 17201 | D:10     | Reached XP level 11. HP: 17/81 MP: 14/24
 17974 | D:10     | Found a staircase to the Lair.
 18089 | D:10     | Reached skill level 5 in Hexes
 18089 | D:10     | Reached skill level 5 in Charms
 18089 | D:10     | Reached skill level 5 in Necromancy
 18089 | D:10     | Reached skill level 5 in Transmutations
 18089 | D:10     | Reached skill level 5 in Fire Magic
 18089 | D:10     | Reached skill level 5 in Ice Magic
 18089 | D:10     | Reached skill level 5 in Air Magic
 18089 | D:10     | Reached skill level 5 in Earth Magic
 18089 | D:10     | Reached skill level 5 in Poison Magic
 19405 | Lair:1   | Entered Level 1 of the Lair of Beasts
 19634 | Lair:1   | Slain by a blink frog

Skill      XL: |  1  2  3  4  5  6  7  8  9 10 11 |
---------------+----------------------------------+-----
Conjurations   | 2 3 4 5 |  5.6
Summonings     | 2 3 4 5 |  5.6
Translocations | 2 3 4 5 |  5.6
Invocations    | 1 2 3 4 5 6 |  6.8
Fighting       | 1 2 3 4 5 6 |  6.2
Short Blades   | 1 2 3 4 5 6 |  6.2
Long Blades    | 1 2 3 4 5 6 |  6.2
Axes           | 1 2 3 4 5 6 |  6.2
Maces & Flails | 1 2 3 4 5 6 |  6.2
Polearms       | 1 2 3 4 5 6 |  6.2
Staves         | 1 2 3 4 5 6 |  6.2
Slings         | 1 2 3 4 5 6 |  6.2
Bows           | 1 2 3 4 5 6 |  6.2
Crossbows      | 1 2 3 4 5 6 |  6.2
Throwing       | 1 2 3 4 5 6 |  6.2
Armour         | 1 2 3 4 5 6 |  6.2
Shields        | 1 2 3 4 5 6 |  6.2
Unarmed Combat | 1 2 3 4 5 6 |  6.2
Evocations     | 1 2 3 4 5 6 |  6.2
Hexes          | 1 2 3 4 5 |  5.1
Charms         | 1 2 3 4 5 |  5.1
Necromancy     | 1 2 3 4 5 |  5.1
Transmutations | 1 2 3 4 5 |  5.1
Fire Magic     | 1 2 3 4 5 |  5.1
Ice Magic      | 1 2 3 4 5 |  5.1
Air Magic      | 1 2 3 4 5 |  5.1
Earth Magic    | 1 2 3 4 5 |  5.1
Poison Magic   | 1 2 3 4 5 |  5.1
Dodging        | 5 6 7 |  7.8
Stealth        | 5 6 7 |  7.5
Spellcasting   | 8 9 |  9.5

Action                   |  1- 3 |  4- 6 |  7- 9 | 10-12 || total
-------------------------+-------+-------+-------+-------++-------
Melee: Unarmed           |     1 |       |       |       ||     1
       Spear             |       |    32 |   361 |   434 ||   827
       Bite              |       |     3 |    10 |    10 ||    23
       Punch             |       |       |     1 |       ||     1
       Glaive            |       |       |       |   120 ||   120
 Cast: Magic Dart        |    70 |    75 |   360 |   327 ||   832
       Call Imp          |     5 |    21 |    48 |    15 ||    89
       Conjure Flame     |       |     3 |    35 |    47 ||    85
       Blink             |       |     1 |     9 |    18 ||    28
       Mephitic Cloud    |       |       |     2 |     4 ||     6
  Use: Scroll            |       |     2 |       |       ||     2
       Potion            |       |       |       |     5 ||     5
 Stab: Sleeping          |       |       |     3 |       ||     3
       Confused          |       |       |       |     1 ||     1
  Eat: Chunk             |     2 |     8 |    24 |     7 ||    41
       Ration            |       |       |     1 |     4 ||     5
Armor: Robe              |     2 |     5 |    20 |    25 ||    52
       Skin              |       |       |       |    17 ||    17
Dodge: Dodged            |    13 |    12 |   172 |   218 ||   415
